 Dungeon Crawl Stone Soup version 0.23.0 (webtiles) character file.

Game seed: 1123896266029737438

84 Masnef the Grasshopper (level 4, -1/19 HPs)
             Began as a Felid Warper on Feb 12, 2019.
             Slain by an adder (5 damage)
             ... on level 3 of the Dungeon.
             The game lasted 00:05:58 (3409 turns).

Masnef the Grasshopper (Felid Warper)               Turns: 3409, Time: 00:05:58

Health: -1/19      AC:  1    Str:  7    XL:     4   Next: 24%
Magic:  17/17      EV: 18    Int: 15    God:
Gold:   89         SH:  0    Dex: 15    Spells: 5/7 levels left
                                        Lives:  0   Deaths: 1

rFire    . . .     SeeInvis +     - Unarmed
rCold    . . .     Gourm    .   (shield unavailable)
rNeg     . . .     Faith    .   (armour unavailable)
rPois    .         Spirit   .   (helmet unavailable)
rElec    .         Reflect  .   (cloak unavailable)
rCorr    .         Harm     .   (gloves unavailable)
MR       .....                  (boots unavailable)
Stlth    +++.......             (no amulet)
HPRegen  0.06/turn              f - ring of magical power
MPRegen  0.15/turn              (no ring)

@: lethally poisoned (-1 -> -6), quick
A: very small, no armour, no weapons or thrown items, stealth, claws 1, fangs 3,
see invisible, carnivore, speed 1, shaggy fur 1, slow metabolism 1, sharp paws
a: no special abilities


You were on level 3 of the Dungeon.
You were very full.

You visited 1 branch of the dungeon, and saw 3 of its levels.

You collected 89 gold pieces.

Inventory:

Jewellery
 f - a ring of magical power (left paw)
Scrolls
 b - 2 scrolls of blinking
 d - a scroll of teleportation {unknown}
 e - 2 scrolls of identify {unknown}
 i - 2 scrolls of fear {unknown}
 k - a scroll of amnesia {unknown}
 l - a scroll of enchant armour {unknown}
 n - a scroll of random uselessness {unknown}
Potions
 a - a potion of curing
 g - a potion of degeneration {unknown}
 h - 3 potions of flight {unknown}
 j - a potion of brilliance {unknown}
Comestibles
 c - 5 rations


   Skills:
 - Level 2.0 Fighting
 + Level 3.2 Dodging
 * Level 4.6 Stealth
 + Level 3.7 Unarmed Combat
 - Level 2.0 Spellcasting
 + Level 4.9 Translocations


You had 5 spell levels left.
You knew the following spells:

 Your Spells              Type           Power        Failure   Level  Hunger
a - Blink                 Tloc           N/A          4%          2    ###....

Your spell library contained the following spells:

 Spells                   Type           Power        Failure   Level  Hunger
 Gell's Gravitas          Tloc           ###.......   9%          3    ###....
 Lesser Beckoning         Tloc           ###.......   9%          3    ###....
 Teleport Other           Tloc           ###.....     9%          3    ###....
 Shroud of Golubria       Chrm/Tloc      #.........   12%         2    ###....
 Passage of Golubria      Tloc           N/A          28%         4    #####..


Dungeon Overview and Level Annotations

Branches:
Dungeon (3/15)

Altars:
Xom

Annotations:
D:2 Natasha


Innate Abilities, Weirdness & Mutations

You cannot wear armour.
You are incapable of wielding weapons or throwing items.
Your paws allow you to move quietly. (Stealth)
You have sharp claws.
You have razor-sharp teeth.
You have supernaturally acute eyesight. (SInv)
You are carnivorous and can eat meat at any time.
You cover ground quickly.
You are covered in fur. (AC +1)
You have a slow metabolism.
Your sharp claws are effective at attacking unaware monsters.


Message History

You barely miss the adder.
The adder is heavily wounded.
The adder misses you.
You scratch the adder.
The adder is almost dead.
The adder bites you.
You closely miss the adder.
The adder is almost dead.
The adder bites you.
You are lethally poisoned!
The adder poisons you! The adder completely misses you.
You miss the adder.
The adder is almost dead.
* * * LOW HITPOINT WARNING * * *
You feel sick. The adder bites you.
* * * LOW HITPOINT WARNING * * *
You scratch the adder.
The adder is almost dead.
The adder bites you.
You die...

...#. #.#
#..#.##.#
#..#..#.#
#..##.#.#
#$.##.#.#
#..##.#.#
#.....<.#
##.##.###
#@##.#
#S##.#
#.##.#
#.....
######


You could see an adder.

Vanquished Creatures
  Jessica (D:2)
  Natasha (twice) (D:2)
  Robin (D:2)
  An adder (D:2)
  A worm (D:2)
  3 giant cockroaches (D:2)
  11 goblins
  4 hobgoblins
  A quokka (D:2)
  2 ball pythons (D:1)
  3 bats
  3 frilled lizards
  A kobold (D:1)
  11 rats
45 creatures vanquished.

Notes
Turn   | Place    | Note
-------+----------+-------------------------------------------
     0 | D:1      | Masnef the Felid Warper began the quest for the Orb.
     0 | D:1      | Reached XP level 1. HP: 9/9 MP: 4/4
   443 | D:1      | Reached XP level 2. HP: 10/13 MP: 6/6
   501 | D:1      | Learned a level 2 spell: Blink
   529 | D:1      | Found a shimmering altar of Xom.
   687 | D:1      | Reached skill level 1 in Stealth
   908 | D:2      | Noticed Jessica
   916 | D:2      | Killed Jessica
   916 | D:2      | Reached XP level 3. HP: 16/16 MP: 7/7
  1394 | D:2      | Noticed Natasha
  1409 | D:2      | Killed Natasha
  1409 | D:2      | Reached XP level 4. HP: 10/19 MP: 8/8
  1623 | D:2      | Noticed Robin
  1641 | D:2      | Killed Robin
  1643 | D:2      | Slain by a goblin
  1644 | D:2      | Reached XP level 3. HP: 0/16 MP: 16/16
  2244 | D:2      | Noticed Natasha
  2248 | D:2      | Killed Natasha
  2248 | D:2      | Reached XP level 4. HP: 19/19 MP: 8/8
  2637 | D:2      | Noticed Natasha
  3409 | D:3      | Slain by an adder

Skill      XL: |  1  2  3  4 |
---------------+-------------+-----
Stealth        | 2 3 4 |  4.6
Unarmed Combat | 3 |  3.7
Fighting       | |  2.0
Dodging        | |  3.2
Spellcasting   | |  2.0
Translocations | |  4.9

Action                   |  1- 3 |  4- 6 || total
-------------------------+-------+-------++-------
Melee: Unarmed           |   122 |    34 ||   156
       Bite              |    10 |     4 ||    14
       Punch             |     1 |     2 ||     3
 Cast: Blink             |     2 |     3 ||     5
  Use: Potion            |     1 |       ||     1
 Stab: Sleeping          |     9 |       ||     9
       Distracted        |     1 |       ||     1
  Eat: Chunk             |    14 |     2 ||    16
Armor: Skin              |     6 |     2 ||     8
Dodge: Dodged            |    75 |    23 ||    98
